Map: Emerald City LE

Players

Faust

  • Race: Zerg Zerg
  • League: Diamond
  • Spawn Location: 11:00

Throwfordays

  • Race: Protoss Protoss
  • League: Silver
  • Spawn Location: 11:00

Jimher - Winner!

  • Race: Terran Terran
  • League: Diamond
  • Spawn Location: 5:00

Luis - Winner!

  • Race: Terran Terran
  • League: Platinum
  • Spawn Location: 5:00

VOD

Have the link to the VOD?

Description

Time

  • Played on: Feb. 5, 2019, 8:46 p.m.
  • Length: 16:05
Show
View Real Time Build Order
Export as new Build Order

Faust Zerg 

Build Orders: 1 Base Baneling Bust, Pool First 

Get SALT Encoding   

  12  0:01  Drone  
  13  0:08  Drone  
  14  0:16  Extractor  
  14  0:17  Drone  
  15  0:30  Overlord  
  15  0:40  Spawning Pool  
  14  0:48  Drone x2  
  16  0:50  Extractor  
  16  0:51  Drone  
  16  1:03  Drone  
  17  1:17  Overlord  
  17  1:27  Queen  
  17  1:29  Zergling x2  
  17  1:32  Zergling x2  
  21  1:42  Zergling x2  
  22  1:53  Metabolic Boost  
  22  1:56  Zergling x2  
  23  2:05  Overlord  
  23  2:15  Baneling Nest  
  22  2:19  Zergling x2  
  22  2:25  Zergling x2  
  23  2:38  Zergling x6  
  26  3:02  Zergling x2  
  26  3:03  Zergling x2  
  25  3:12  Baneling x2  
  25  3:13  Zergling x2  
  26  3:24  Overlord  
  26  3:25  Drone  
  26  3:26  Drone  
  28  3:46  Hatchery  
  25  3:58  Zergling x12  
  25  4:01  Baneling x2  
  26  4:21  Drone x2, Hatchery  
  23  4:50  Drone x4  
  24  5:01  Drone  
  24  5:04  Extractor  
  24  5:05  Lair  
  24  5:11  Queen  
  24  5:12  Drone  
  24  5:13  Drone x3  
  30  5:18  Drone  
  31  5:24  Drone  
  32  5:36  Queen  
  32  5:40  Zergling x2  
  35  5:43  Drone  
  35  5:47  Queen  
  35  5:49  Drone x3  
  41  5:59  Overlord  
  41  6:00  Overlord  
  41  6:01  Drone  
  41  6:02  Drone  
  41  6:04  Drone  
  44  6:07  Drone  
  44  6:08  Drone  
  46  6:34  Zergling x18  
  46  6:35  Zergling x10  
  46  6:36  Drone  
  61  6:45  Evolution Chamber, Infestation Pit  
  59  6:48  Evolution Chamber  
  58  6:58  Drone x2  
  58  6:59  Drone x5  
  58  7:00  Drone  
  67  7:01  Drone  
  67  7:05  Baneling x3  
  67  7:06  Baneling x2  
  67  7:07  Baneling x2  
  67  7:20  Zerg Melee Weapons Level 1, Zerg Ground Armor Level 1  
  67  7:24  Hive  
  67  7:25  Drone  
  68  7:35  Extractor x2  
  66  7:46  Extractor  
  65  7:57  Infestor x2  
  66  8:03  Baneling x2  
  66  8:04  Baneling  
  63  8:11  Zergling x20  
  63  8:12  Zergling x14  
  60  8:37  Drone x3  
  60  8:38  Drone x3  
  60  8:45  Drone x3  
  60  8:46  Drone x2  
  64  8:51  Ultralisk Cavern  
  62  9:00  Drone x4  
  62  9:01  Queen, Drone x2  
  70  9:20  Zerg Melee Weapons Level 2  
  70  9:23  Zerg Ground Armor Level 2  
  70  9:28  Drone  
  70  9:30  Drone x2  
  73  9:32  Extractor  
  73  9:33  Extractor  
  71  9:50  Hatchery, Chitinous Plating  
  70  9:54  Drone  
  70  9:56  Drone  
  70  9:57  Drone  
  55  10:24  Drone x3  
  55  10:25  Drone  
  59  10:32  Overlord x6  
  59  10:33  Overlord x3  
  59  10:48  Ultralisk  
  59  10:49  Ultralisk  
  71  10:55  Hydralisk Den  
  70  10:58  Spire  
  69  11:06  Drone x6  
  69  11:07  Queen  
  69  11:08  Drone x3  
  69  11:09  Anabolic Synthesis  
  69  11:10  Overlord x3  
  80  11:15  Ultralisk  
  86  11:22  Zergling x2  
  86  11:23  Zergling x2  
  86  11:24  Zergling x2  
  89  11:33  Drone x3  
  89  11:39  Hydralisk  
  92  11:40  Hydralisk x4  
  80  12:04  Hydralisk x9  
  93  12:13  Extractor x2, Drone x3  
  93  12:20  Hydralisk x3  
  93  12:21  Hydralisk  
  94  12:48  Zerg Melee Weapons Level 3  
  94  12:49  Zerg Ground Armor Level 3  
  82  13:32  Drone x8  
  90  13:43  Hatchery  
  67  14:01  Ultralisk x5  
  95  14:06  Queen  
  97  14:10  Hatchery  
  97  14:11  Ultralisk  
  102  14:24  Adrenal Glands  
  102  14:25  Zergling x16  
  102  14:27  Zergling x2  
  111  14:38  Drone x2  
  111  14:39  Drone, Overlord x2  
  111  14:40  Extractor  
  112  15:04  Baneling x10  
  112  15:05  Baneling x8  
Show
View Real Time Build Order
Export as new Build Order

Throwfordays Protoss 

Build Orders: 1 Gate Expand 

Get SALT Encoding   

  12  0:01  Probe  
  13  0:13  Probe  
  14  0:18  Pylon  
  14  0:25  Probe  
  15  0:37  Probe  
  15  0:38  Gateway  
  16  0:45  Assimilator  
  16  0:49  Probe  
  17  1:17  Nexus  
  17  1:24  Pylon  
  17  1:30  Probe  
  18  1:42  Cybernetics Core, Probe  
  19  1:55  Probe  
  19  1:58  Forge, Warp Gate  
  20  2:03  Assimilator  
  20  2:07  Probe  
  21  2:17  Protoss Ground Weapons Level 1  
  21  2:20  Adept  
  23  2:28  Probe x2  
  24  2:36  Probe  
  25  2:40  Probe  
  27  2:45  Probe  
  28  2:52  Probe  
  28  2:57  Probe  
  30  2:58  Adept  
  32  3:10  Probe x2  
  34  3:22  Probe x2  
  34  3:26  Pylon  
  36  3:34  Assimilator, Probe x2  
  37  3:36  Assimilator  
  38  3:46  Probe x2  
  38  3:48  Stalker  
  42  3:52  Gateway  
  42  3:53  Gateway  
  42  3:58  Probe x2  
  44  4:10  Probe x2  
  46  4:22  Probe x2  
  48  4:32  Nexus  
  48  4:34  Pylon, Probe  
  49  4:46  Probe  
  50  4:58  Probe  
  51  5:03  Robotics Facility  
  51  5:04  Robotics Facility  
  51  5:07  Robotics Facility  
  51  5:16  Probe  
  51  5:19  Probe  
  53  5:26  Stalker x3  
  53  5:27  Protoss Ground Armor Level 1  
  60  5:28  Probe  
  60  5:31  Probe  
  61  5:40  Probe  
  62  5:44  Probe  
  62  5:46  Probe  
  64  5:52  Probe  
  64  5:53  Nexus  
  64  5:56  Probe  
  66  5:58  Probe, Immortal x2  
  75  6:04  Probe  
  75  6:07  Pylon  
  75  6:08  Probe  
  75  6:10  Robotics Bay  
  77  6:16  Pylon  
  77  6:18  Pylon  
  77  6:20  Assimilator  
  77  6:23  Assimilator  
  77  6:25  Probe  
  77  6:26  Immortal  
  77  6:28  Pylon  
  77  6:30  Pylon  
  82  6:33  Pylon, Probe  
  82  6:35  Pylon  
  83  6:40  Probe  
  83  6:41  Probe  
  85  6:52  Probe x2  
  85  6:53  Extended Thermal Lance  
  87  7:01  Colossus x2  
  87  7:04  Probe x2  
  87  7:06  Stalker  
  87  7:07  Stalker  
  105  7:13  Probe  
  105  7:14  Immortal  
  109  7:16  Probe x2  
  109  7:21  Probe  
  112  7:25  Probe  
  112  7:28  Probe  
  115  7:31  Probe  
  115  7:33  Probe  
  116  7:39  Assimilator  
  116  7:40  Probe  
  116  7:41  Assimilator  
  116  7:42  Probe  
  116  7:43  Probe  
  119  7:45  Stalker x3  
  126  7:52  Probe  
  126  7:55  Probe x2  
  129  8:04  Probe  
  127  8:07  Probe  
  126  8:16  Probe  
  99  8:24  Colossus x3  
  117  8:38  Stalker x3  
  115  9:02  Probe  
  114  9:05  Probe  
  114  9:09  Probe  
  116  9:13  Protoss Shields Level 1  
  116  9:14  Probe  
  117  9:17  Probe  
  117  9:18  Immortal x3  
  117  9:21  Probe  
  117  9:24  Probe  
  132  9:26  Probe  
  132  9:29  Probe  
  134  9:33  Probe  
  134  9:36  Probe  
  136  9:38  Probe  
  136  9:41  Probe  
  136  9:45  Probe  
  139  9:48  Probe  
  139  9:50  Probe  
  139  9:51  Stalker  
  139  9:52  Stalker x2  
  147  9:54  Gravitic Boosters, Probe  
  148  10:01  Observer x2, Probe  
  141  10:11  Pylon  
  141  10:12  Pylon  
  141  10:14  Pylon  
  136  10:15  Pylon  
  136  10:16  Pylon  
  136  10:19  Pylon  
  136  10:26  Nexus  
  136  10:28  Pylon  
  136  10:30  Immortal  
  140  10:55  Stalker x2  
  140  10:56  Stalker  
  146  11:01  Immortal x2  
  154  11:10  Immortal  
  158  11:19  Gravitic Drive  
  158  11:24  Probe  
  159  11:28  Probe  
  160  11:36  Probe  
  161  11:40  Colossus x2  
  161  11:41  Probe  
  173  11:48  Colossus  
  173  11:49  Probe  
  173  11:53  Probe  
  171  12:01  Probe  
  165  12:02  Stalker x2  
  165  12:03  Stalker  
  165  12:05  Probe  
  172  12:13  Probe  
  172  12:17  Probe  
  157  12:36  Stalker x3  
  127  12:58  Stargate  
  127  13:01  Stargate  
  127  13:02  Protoss Air Weapons Level 1  
  127  13:04  Stargate  
  127  13:06  Stargate  
  127  13:11  Stargate  
  127  13:12  Twilight Council  
  127  13:14  Probe  
  128  13:24  Probe  
  128  13:26  Probe  
  130  13:28  Probe  
  131  13:35  Observer x3  
  131  13:36  Probe  
  131  13:38  Probe  
  131  13:40  Probe  
  137  13:47  Assimilator  
  132  13:48  Probe  
  132  13:51  Probe  
  132  13:52  Probe  
  132  13:54  Void Ray x5  
  118  14:00  Probe  
  101  14:03  Probe  
  101  14:04  Probe  
  103  14:12  Probe  
  103  14:16  Fleet Beacon, Probe  
  105  14:21  Probe  
  106  14:24  Colossus x2  
  106  14:34  Probe  
  106  14:37  Void Ray x5  
  138  14:46  Nexus, Probe  
  121  14:56  Stalker x3  
Show
View Real Time Build Order
Export as new Build Order

Jimher Terran - Winner!

Build Orders:  

Get SALT Encoding   

  12  0:03  SCV  
  13  0:15  SCV  
  14  0:21  Supply Depot  
  14  0:27  SCV  
  15  0:43  SCV  
  15  0:44  Barracks  
  15  0:48  Refinery  
  16  0:57  Barracks  
  16  1:01  SCV  
  17  1:13  SCV  
  18  1:25  SCV  
  19  1:27  Supply Depot  
  19  1:33  Barracks Tech Lab  
  19  1:37  SCV  
  20  1:45  Barracks Reactor  
  20  1:50  Orbital Command  
  22  1:56  Marine  
  21  2:19  Marine  
  22  2:24  Command Center  
  22  2:26  Marine x2  
  22  2:28  SCV  
  25  2:36  Marine  
  26  2:41  Engineering Bay  
  26  2:42  SCV  
  26  2:43  Refinery  
  27  2:52  Marine x2  
  29  3:04  Marine  
  29  3:06  SCV  
  29  3:09  Marine  
  29  3:12  Missile Turret  
  31  3:14  Supply Depot  
  31  3:35  Marine  
  31  3:36  SCV  
  31  3:37  Marine x2  
  31  3:39  Stimpack  
  35  3:48  SCV  
  36  3:49  Factory  
  36  3:50  Terran Infantry Weapons Level 1  
  36  3:53  Marine  
  37  4:00  SCV  
  37  4:02  Marine x2  
  34  4:07  Orbital Command  
  36  4:12  Marine  
  36  4:15  SCV  
  38  4:27  SCV  
  38  4:29  Marine x2  
  41  4:36  Factory Reactor, Starport  
  41  4:39  SCV  
  41  4:40  SCV  
  43  4:51  Supply Depot, SCV  
  43  4:52  Supply Depot, SCV  
  45  4:57  Marine x3  
  48  5:03  SCV  
  48  5:04  SCV  
  50  5:15  SCV  
  50  5:16  SCV  
  52  5:22  Medivac x2  
  52  5:27  SCV, Factory Reactor  
  57  5:29  SCV  
  58  5:39  SCV  
  58  5:41  Command Center  
  59  5:44  SCV  
  59  5:45  Missile Turret  
  60  5:51  SCV  
  60  5:53  Supply Depot  
  60  5:55  Terran Infantry Armor Level 1  
  60  5:56  Supply Depot, SCV  
  62  6:03  SCV  
  63  6:06  Marine x3  
  63  6:07  Widow Mine  
  63  6:08  Widow Mine  
  70  6:15  SCV, Combat Shield  
  70  6:16  SCV, Supply Depot  
  72  6:21  Barracks x2  
  72  6:27  SCV  
  72  6:28  SCV  
  72  6:30  Medivac x2  
  78  6:39  SCV  
  79  6:40  SCV  
  79  6:41  Refinery x2  
  79  6:43  Marine x3  
  83  6:51  SCV  
  83  6:52  SCV  
  85  6:55  Barracks x2  
  85  7:00  Engineering Bay  
  85  7:03  SCV, Armory  
  85  7:04  SCV, Widow Mine x2  
  85  7:05  Marine  
  92  7:16  SCV x2, Planetary Fortress  
  94  7:28  SCV  
  94  7:29  Marine x2  
  99  7:33  Barracks Reactor  
  99  7:34  Barracks Reactor  
  99  7:36  SCV  
  98  7:40  SCV  
  99  7:48  SCV  
  100  7:51  Barracks Tech Lab  
  100  7:52  SCV, Barracks Tech Lab  
  101  8:00  SCV  
  95  8:24  SCV x3  
  98  8:34  Marine x3, Marauder x3  
  98  8:35  Marine x3  
  98  8:36  SCV x3  
  98  8:41  Refinery  
  109  8:42  Refinery  
  109  8:52  Command Center  
  109  9:10  Supply Depot  
  109  9:13  Starport  
  109  9:14  Supply Depot  
  109  9:16  Terran Infantry Armor Level 2, Terran Infantry Weapons Level 2  
  109  9:17  Supply Depot  
  109  9:19  Supply Depot x2  
  109  9:21  Supply Depot  
  109  9:22  Supply Depot  
  109  9:31  Marine x3, Viking x2, SCV  
  109  9:32  Supply Depot  
  109  9:36  Marine x4, SCV x2, Marauder  
  109  9:38  Marine  
  125  9:43  SCV  
  125  9:45  Refinery, Supply Depot  
  127  9:46  Supply Depot  
  127  9:48  SCV x2  
  127  9:49  Marine x3, Refinery  
  132  9:53  Marine x2  
  132  9:54  Marauder x2  
  132  9:55  SCV  
  132  9:56  Supply Depot  
  139  10:00  SCV x2  
  141  10:07  SCV  
  129  10:24  Planetary Fortress  
  133  10:28  Marine x2, Marauder x2  
  133  10:29  Marine x4, Marauder  
  133  10:32  Starport Reactor  
  141  10:37  Starport  
  141  10:46  Marine x3  
  141  10:47  Marine x3  
  141  10:49  Marine x3  
  150  11:02  Missile Turret  
  150  11:04  Viking x2  
  150  11:07  Missile Turret  
  150  11:09  Widow Mine x2  
  150  11:10  Marine  
  150  11:11  Marine x4  
  160  11:12  Marine, Marauder x3  
  160  11:17  Medivac x3  
  176  11:22  Missile Turret  
  176  11:28  Marine x2  
  176  11:29  Marine x3  
  176  11:30  Marine  
  176  11:31  Widow Mine x2  
  186  11:33  Marine  
  186  11:34  Viking, Medivac  
  191  11:47  Viking x2  
  191  11:50  Marauder  
  191  11:51  Marauder x2  
  191  11:53  Widow Mine  
  165  12:02  Viking  
  165  12:04  Viking x2  
  171  12:17  Viking x2  
  173  12:32  Viking  
  173  12:34  Viking x2  
  173  12:35  Marine x2, Marauder  
  173  12:36  Marine x4, Marauder x2  
  140  12:47  Viking x2  
  138  12:53  Marine, Reaper  
  138  12:54  Reaper x2, Marine x2  
  144  13:01  Marauder x3  
  156  13:11  Marine  
  156  13:12  Marine x2  
  159  13:17  Factory  
  159  13:19  Factory x2  
  159  13:22  Marine, Marauder x2  
  159  13:25  Marine  
  159  13:26  Marine x2  
  167  13:29  Marine x2  
  167  13:30  Marine, Liberator, Factory Tech Lab  
  167  13:31  Liberator x4  
  175  13:40  Marauder  
  177  13:43  Marine x3, Marauder x2  
  177  13:47  Marine x3  
  180  14:01  Marine x3  
  180  14:02  Marauder  
  185  14:04  Marine  
  185  14:05  Marauder x2  
  185  14:08  Factory Tech Lab x2  
  185  14:09  Factory Tech Lab  
  190  14:23  Marauder  
  192  14:26  Marauder  
  192  14:27  Marine x6  
  200  14:34  Command Center  
  189  15:32  Marine  
  189  15:33  Marine x4  
  189  15:35  Marine x4  
Show
View Real Time Build Order
Export as new Build Order

Luis Terran - Winner!

Build Orders:  

Get SALT Encoding   

  12  0:02  SCV  
  13  0:20  Supply Depot  
  13  0:23  Refinery  
  13  0:42  Barracks  
  13  0:58  Supply Depot  
  13  0:59  SCV  
  14  1:11  SCV  
  15  1:23  SCV  
  16  1:32  Reaper  
  17  1:36  Orbital Command  
  17  1:40  Refinery  
  17  2:01  SCV, Factory  
  17  2:06  Barracks Tech Lab  
  18  2:13  SCV  
  19  2:25  SCV  
  19  2:26  Marauder  
  21  2:37  SCV  
  21  2:38  Engineering Bay  
  22  2:47  Marine, Factory Tech Lab  
  23  3:12  Supply Depot  
  23  3:33  Marine, SCV, Siege Tank  
  28  3:45  SCV  
  28  3:47  Supply Depot  
  29  3:51  Marine  
  29  3:58  SCV  
  29  4:02  Stimpack  
  30  4:09  Marine  
  31  4:10  SCV  
  31  4:14  Missile Turret  
  32  4:22  SCV  
  33  4:27  Marine, Command Center  
  34  4:34  SCV  
  35  4:40  Siege Tank  
  35  4:44  Marine  
  39  4:52  Starport  
  39  5:23  Missile Turret  
  39  5:28  Starport Reactor  
  39  5:32  Barracks x2  
  39  5:39  Marine, SCV  
  39  5:41  Siege Tank  
  39  5:42  Missile Turret  
  44  5:43  Planetary Fortress  
  44  5:44  Refinery  
  44  5:51  SCV  
  44  5:57  Marine  
  45  6:00  Combat Shield  
  45  6:02  Refinery  
  45  6:03  SCV  
  47  6:13  Medivac  
  47  6:14  Marine  
  47  6:15  SCV  
  51  6:18  Barracks Reactor  
  51  6:19  Barracks Reactor  
  52  6:25  SCV  
  52  6:27  SCV  
  52  6:32  Marine  
  53  6:37  SCV  
  55  6:47  Supply Depot  
  55  6:49  SCV  
  55  6:51  Medivac, Marauder  
  60  6:56  Medivac  
  62  7:01  Terran Infantry Armor Level 1  
  63  7:08  SCV  
  63  7:12  Marauder  
  65  7:18  SCV  
  65  7:20  SCV  
  65  7:21  Medivac  
  69  7:24  Supply Depot  
  69  7:30  SCV  
  70  7:45  Marine x5, SCV x2  
  76  7:58  SCV x2  
  78  8:47  Marine x3  
  78  8:48  Marine x2  
  69  8:55  Terran Infantry Weapons Level 1  
  69  9:01  Siege Tank  
  69  9:02  SCV  
  70  9:04  Marine x2  
  70  9:05  Marine x3  
  70  9:08  Liberator, Missile Turret  
  78  9:11  Missile Turret  
  78  9:21  Engineering Bay  
  78  9:26  Armory  
  78  9:27  Supply Depot  
  78  9:37  Missile Turret  
  78  9:45  Marine x3, SCV x2, Siege Tank  
  86  9:49  Marine x2, Liberator  
  86  9:51  Liberator  
  94  9:52  Supply Depot  
  94  9:55  Supply Depot  
  94  10:04  Engineering Bay  
  94  10:14  Marine x5, Supply Depot, SCV x2  
  101  10:26  SCV  
  102  10:31  Marine x4  
  102  10:32  Marine, Medivac  
  102  10:35  Terran Infantry Armor Level 2, Medivac  
  111  10:38  SCV  
  111  10:39  SCV  
  113  10:44  Command Center  
  113  10:49  Marine x4  
  117  10:50  SCV  
  118  11:05  Supply Depot  
  118  11:09  Terran Infantry Weapons Level 2  
  118  11:27  Marine x3, SCV, Medivac, Marauder  
  126  11:45  Marine x3  
  126  11:46  Marine  
  124  11:47  Siege Tank  
  124  11:49  Marauder  
  123  11:59  Sensor Tower  
  120  12:03  Marine x3  
  120  12:04  Marine  
  124  12:09  Marine  
  125  12:21  Marine x3  
  125  12:22  Marine  
  125  12:27  Marine  
  126  12:39  Marine x3  
  126  12:40  Marine  
  126  12:43  Siege Tank  
  133  12:44  Medivac, Liberator  
  133  12:45  Marine, SCV  
  140  12:57  Marine x3  
  140  12:58  Marine, SCV  
  139  13:03  Marine  
  137  13:10  SCV  
  138  13:14  Marine  
  138  13:15  Marine x2  
  138  13:16  Siege Tank  
  138  13:17  Marine  
  134  13:21  Marine  
  134  13:22  SCV  
  129  13:32  Marine x3, Liberator x2  
  138  13:35  Marine, SCV  
  138  13:39  Marine  
  138  13:40  Refinery  
  139  13:42  Refinery  
  139  13:47  SCV  
  139  13:48  Siege Tank  
  137  13:50  Marine x3  
  137  13:53  Marine  
  124  13:56  Marine  
  124  13:59  SCV  
  120  14:09  Marine x3  
  123  14:11  Marine, SCV  
  123  14:13  Planetary Fortress  
  123  14:15  Liberator x2  
  131  14:20  Siege Tank  
  131  14:23  SCV  
  135  14:26  Marine  
  135  14:27  Marine x3  
  135  14:29  Marine  
  140  14:35  SCV  
  140  14:37  Supply Depot  
  141  14:59  Marine, SCV, Medivac, Siege Tank  
  148  15:00  Sensor Tower  
  148  15:11  SCV  
  149  15:59  Supply Depot  
Tags
 
Add a new tag
Caveats
  • Supply blocks, unpowered buildings, or Contaminate may cause inaccurate times.
  • Supply counts are checked every 10 seconds.